 Dungeon Crawl Stone Soup version 0.30-a0-377-g5cb311bc9f (webtiles) character file.

Game seed: 4832942644706867972

304 KennySheep the Shooter (level 5, -1/41 HPs)
             Began as a Demigod Hunter on Nov 29, 2022.
             Slain by Pargi (5 damage)
             ... on level 3 of the Dungeon on Nov 30, 2022.
             The game lasted 00:05:29 (2848 turns).

KennySheep the Shooter (Demigod Hunter)             Turns: 2848, Time: 00:05:29

Health: -1/41      AC:  3    Str: 16    XL:     5   Next: 92%
Magic:  7/7        EV: 13    Int: 11    God:
Gold:   132        SH:  0    Dex: 17    Spells: 4/4 levels left

rFire   . . .      SeeInvis .    a - +0 shortbow (freeze)
rCold   . . .      Faith    .    (shield currently unavailable)
rNeg    . . .      Spirit   .    c - +0 leather armour
rPois   .          Reflect  .    (helmet restricted)
rElec   .          Harm     .    (no cloak)
rCorr   .          Rampage  .    (no gloves)
Will    +....                    (no boots)
Stlth   ++........               (no amulet)
HPRegen 0.26/turn                (no ring)
MPRegen 0.10/turn                (no ring)

@: no status effects
A: high MP 1, forlorn, divine attributes, horns 1, strong-willed 1
a: no special abilities


You were on level 3 of the Dungeon.
You visited 1 branch of the dungeon, and saw 3 of its levels.

You collected 132 gold pieces.

Inventory:

Hand Weapons
 a - a +0 shortbow of freezing (weapon)
Armour
 c - a +0 leather armour (worn)
 d - a +0 helmet
Scrolls
 b - a scroll of immolation
 e - a scroll of noise
 h - a scroll of enchant weapon
Potions
 f - a potion of attraction {unknown}


   Skills:
 - Level 1.7 Fighting
 * Level 3.5 Polearms
 - Level 3.9 Ranged Weapons
 + Level 3.2 Dodging
 + Level 3.0 Stealth


You had 4 spell levels left.
You didn't know any spells.
Your spell library contained the following spells:

 Spells                   Type           Power      Damage    Failure   Level
 Momentum Strike          Conj/Tloc      0%         3d8       54%         2
 Starburst                Conj/Fire      0%         6d3       100%        6
 Fire Storm               Conj/Fire      0%         5d1       100%        9


Dungeon Overview and Level Annotations

Branches:
Dungeon (3/15)

Shops:
D:1 ?(

Annotations:
D:3 Pargi, Terence


Innate Abilities, Weirdness & Mutations

You have an increased reservoir of magic. (+10% MP)
You shall have no god before yourself.
Your divine heritage dramatically boosts your attributes as you level up.
You have a pair of small horns on your head.
You are strong-willed. (Will+)


Message History

No target in view!
You shoot an arrow. The arrow closely misses Pargi.
No target in view!
You shoot an arrow. The arrow hits Pargi.
The arrow freezes Pargi.
Pargi is lightly wounded.
You shoot an arrow. The arrow misses Pargi.
You shoot an arrow. The arrow barely misses Pargi.
Pargi closely misses you. Pargi claws you. x2; Pargi misses you.
Pargi completely misses you. Pargi claws you.
You shoot an arrow. The arrow hits Pargi!
The arrow freezes Pargi.
Pargi is moderately wounded.
Pargi completely misses you. Pargi closely misses you. Pargi claws you.
You shoot an arrow. The arrow barely misses Pargi.
Pargi bites you. Pargi misses you. Pargi claws you. Pargi bites you!
Pargi barely misses you. x2
You shoot an arrow. The arrow hits Pargi.
The arrow freezes Pargi.
Pargi is moderately wounded.
Pargi barely misses you. Pargi completely misses you. Pargi claws you.
You shoot an arrow. The arrow barely misses Pargi.
Pargi bites you. Pargi barely misses you. Pargi claws you but does no damage.
Okay, then.
Okay, then.
You shoot an arrow.
The arrow hits Pargi but does no damage.
Pargi is moderately wounded.
Pargi bites you.
* * * LOW HITPOINT WARNING * * *
Pargi claws you.
* * * LOW HITPOINT WARNING * * *
Pargi closely misses you. x2; Pargi claws you.
* * * LOW HITPOINT WARNING * * *
Pargi barely misses you.
You shoot an arrow. The arrow hits Pargi!
The arrow freezes Pargi.
Pargi is heavily wounded.
Pargi closely misses you. Pargi barely misses you. x2
You shoot an arrow. The arrow hits Pargi.
The arrow freezes Pargi.
Pargi is severely wounded.
Pargi looks around nervously.
Pargi barely misses you. x2; Pargi misses you.
You shoot an arrow. The arrow misses Pargi.
Pargi bites you.
You die...

.............#.# #.#
....#........#.###.#
............##.[...#
...##......######..###
#......# #.....#
#......# #.....#
#......# ###.....#
#...#.##.###....####
....#..##..T@.#.##
...###......####.# ...
#......# #.# .#
#..).### #.# .......#
#.# . .##...# #.#
.##.......# #.#
...#.....# .#
#)#.....#


You could see Pargi.

Vanquished Creatures
  Sigmund (D:2)
  An orc priest (D:2)
  2 orc wizards (D:3)
  2 adders (D:2)
  2 worms (D:2)
  2 dart slugs
  2 orcs (D:3)
  7 ball pythons
  4 endoplasms
  4 giant cockroaches
  6 hobgoblins
  4 quokkas
  4 bats
  3 frilled lizards
  2 goblins
  3 kobolds
  A rat (D:1)
50 creatures vanquished.

Vanquished Creatures (others)
  A plant (D:1)
1 creature vanquished.

Grand Total: 51 creatures vanquished

Notes
Turn   | Place    | Note
-------+----------+-------------------------------------------
     0 | D:1      | KennySheep the Demigod Hunter began the quest for the Orb.
     0 | D:1      | Reached XP level 1. HP: 17/17 MP: 3/3
    35 | D:1      | Reached skill level 1 in Stealth
   141 | D:1      | Found Gadiufoxt's Magic Scroll Shoppe.
   249 | D:1      | Found Xenekk's Weapon Boutique.
   330 | D:1      | Reached XP level 2. HP: 24/24 MP: 4/4
  1157 | D:2      | Noticed Sigmund
  1167 | D:2      | HP: 1/24 [something/magic dart (9)]
  1168 | D:2      | Killed Sigmund
  1169 | D:2      | Reached XP level 3. HP: 2/29 MP: 5/5
  1169 | D:2      | Reached XP level 4. HP: 3/36 MP: 6/6
  1169 | D:2      | Reached XP level 5. HP: 3/41 MP: 7/7
  2011 | D:2      | Got the Teachings on Concussion
  2693 | D:3      | Noticed Pargi
  2724 | D:3      | Noticed Terence
  2731 | D:3      | Gained mutation: You are strong-willed. (Will+) [potion of
                  | mutation]
  2731 | D:3      | Gained mutation: You have a pair of small horns on your
                  | head. [potion of mutation]
  2848 | D:3      | Slain by Pargi

Illustrated notes

Levels and vault maps discovered:
D:1:      scummos_arrival_forest, layout_loops_corners, serial_forest,
          infiniplex_forest_end_3, infiniplex_forest_clump_C,
          infiniplex_forest_end_double, infiniplex_forest_end_double,
          infiniplex_forest_fountain, infiniplex_forest_lined_room_2,
          infiniplex_forest_clump_long, infiniplex_forest_corner_2,
          serial_shops, shop, nicolae_shop_bloodbath_and_beyond,
          hellmonk_ecumenical_altar_slurped_away
D:2:      layout_loops_corners, kennysheep_generic_room_8, uniq_sigmund
D:3:      layout_rooms, chequers_serial_rivers_small_b, minmay_bisected,
          uniq_crazy_yiuf_cottage, uniq_terence, uniq_pargi, uniq_robin

Skill      XL: |  1  2  3  4  5 |
---------------+----------------+-----
Stealth        | 1 2 3 |  3.0
Dodging        | 2 3 |  3.2
Polearms       | 2 3 |  3.5
Fighting       | |  1.7
Ranged Weapons | |  3.9

Action                   |  1- 3 |  4- 6 || total
-------------------------+-------+-------++-------
Melee: Shortbow          |       |     2 ||     2
 Fire: Shortbow          |    54 |   113 ||   167
  Use: Scroll            |       |     6 ||     6
       Potion            |       |     2 ||     2
Armor: Leather armour    |     2 |    20 ||    22
Dodge: Dodged            |     9 |    63 ||    72

Table legend: (Time is in decaauts)
 A = Elapsed time spent in this place.
 B = Non-inter-level travel time spent in this place.
 C = Inter-level travel time spent in this place.
 D = Time resting spent in this place.
 E = Time spent auto-exploring this place.
 F = Levels seen in this place.
 G = Mean time per level.
                   A        B        C        D        E       F      G
               +--------+--------+--------+--------+--------+-----+--------+
         Total |   2905 |   2686 |    219 |    293 |   1988 |   3 |  968.3 |
       Dungeon |   2905 |   2686 |    219 |    293 |   1988 |   3 |  968.3 |
               +--------+--------+--------+--------+--------+-----+--------+

Top non-repeatable levels by time:
     D:2: 1497 daAuts
     D:1: 1133 daAuts
     D:3: 275 daAuts
